 Dungeon Crawl Stone Soup version 0.27.1-33-g824d729ab1 (webtiles) character file.

Game seed: 3830122415479281335

43 vivovinco the Magician (level 3, -3/19 HPs)
             Began as a Deep Elf Venom Mage on Dec 28, 2021.
             Frozen to death by an endoplasm (5 damage)
             ... on level 1 of the Dungeon.
             The game lasted 00:10:35 (1799 turns).

vivovinco the Magician (Deep Elf Venom Mage)        Turns: 1799, Time: 00:10:36

Health: -3/19      AC:  2    Str:  5    XL:     3   Next: 37%
Magic:  10/10      EV: 12    Int: 20    God:
Gold:   80         SH:  0    Dex: 15    Spells: 6/9 levels left

rFire    . . .     SeeInvis .   a - staff of death
rCold    . . .     Faith    .   (no shield)
rNeg     + . .     Spirit   .   c - +0 robe
rPois    .         Reflect  .   (no helmet)
rElec    .         Harm     .   (no cloak)
rCorr    .         Rampage  .   (no gloves)
Will     .....                  (no boots)
Stlth    ++........             d - amulet of magic regeneration
HPRegen  0.06/turn              e - ring of flight
MPRegen  0.37/turn              (no ring)

@: weak-willed, attractive, flying
A: no striking features
a: no special abilities


You were on level 1 of the Dungeon.
You visited 1 branch of the dungeon, and saw 3 of its levels.

You collected 80 gold pieces.

Inventory:

Hand Weapons
 b - a +0 dagger
Missiles
 f - 17 stones (quivered)
Armour
 c - a +0 robe (worn)
Magical Staves
 a - a staff of death (weapon)
Jewellery
 d - an amulet of magic regeneration (around neck)
 e - a ring of flight (left hand)
Potions
 h - a potion of curing {unknown}


   Skills:
 + Level 2.6 Dodging
 + Level 2.6 Stealth
 + Level 3.8 Spellcasting
 * Level 0.6 Necromancy
 - Level 1.3 Transmutations
 + Level 3.7 Poison Magic
 * Level 1.2 Evocations


You had 6 spell levels left.
You knew the following spells:

 Your Spells              Type           Power      Damage    Failure   Level
a - Sting                 Tmut/Pois      56%        1d5       4%          1
b - Poisonous Vapours     Pois/Air       22%        N/A       9%          2

Your spell library contained the following spells:

 Spells                   Type           Power      Damage    Failure   Level
 Mephitic Cloud           Conj/Pois/Air  8%         N/A       24%         3
 Olgreb's Toxic Radiance  Pois           18%        N/A       28%         4


Dungeon Overview and Level Annotations

Branches:
Dungeon (3/15)

Altars:


Message History

You fly upwards.
An endoplasm comes into view.
There is a stone staircase leading down here.
An endoplasm is nearby!
An endoplasm is nearby!
A goblin comes into view. It is wielding a +0 club.
The goblin shouts!
The endoplasm freezes you.
You are frozen.
You hit the endoplasm but do no damage. The endoplasm freezes you.
You are frozen.
You hit the endoplasm.
The endoplasm is moderately wounded.
The endoplasm freezes you.
You are frozen.
The endoplasm freezes you.
You are frozen.
* * * LOW HITPOINT WARNING * * *
You hit the endoplasm but do no damage.
The endoplasm is moderately wounded.
The endoplasm closely misses you.
It was a potion of attraction.
You feel attractive to monsters. The endoplasm misses you.
The goblin is pulled toward you! The endoplasm misses you.
The endoplasm is pulled toward you! The endoplasm is pulled toward you!
The endoplasm is pulled toward you! The endoplasm hits you.
* * * LOW HITPOINT WARNING * * *
There is a stone staircase leading up here.
The goblin hits you with a +0 club.
* * * LOW HITPOINT WARNING * * *
You fly upwards.
There is a stone staircase leading down, spattered with blood here.
The endoplasm closely misses you. The endoplasm freezes you.
You are frozen.
You die...

##..#.).#..#......###.###.###.##
##...#...#.........# #.#.........
#..##.###.##..#.##.###...........
...#.#...#†#.....................
.##.##...##.##..##.#####.######.#
.#.#...#...#.#...#.>.............
#.##.......##.##.#g#####.######.#
.#...####....#.#.J.##.##.#.......
##...# #.#..###@####............
...#.# #.#.................#.#.#
##.#.# #...........#.##.........
#.#.####.#>###.###.#....###.....
#..........# #.# #.####........#
###.####.### #.# #.# #.###..#..
####.####.#####.# #.# #.# #.....
..............#.# #.####.###..###
####.###........# #.#...........#


You could see an endoplasm and a goblin.

Vanquished Creatures
  A gnoll (D:1)
  A dart slug (D:1)
  2 endoplasms (D:1)
  2 giant cockroaches (D:1)
  2 goblins (D:1)
  5 hobgoblins (D:1)
  2 jackals (D:1)
  2 quokkas (D:1)
  2 ball pythons (D:1)
  3 bats
  3 frilled lizards (D:1)
  4 rats (D:1)
29 creatures vanquished.

Vanquished Creatures (others)
  A fungus (D:1)
  3 plants (D:1)
4 creatures vanquished.

Grand Total: 33 creatures vanquished

Notes
Turn   | Place    | Note
-------+----------+-------------------------------------------
     0 | D:1      | vivovinco the Deep Elf Venom Mage began the quest for the
                  | Orb.
     0 | D:1      | Reached XP level 1. HP: 10/10 MP: 6/6
    26 | D:1      | Found a faded altar of an unknown god.
   364 | D:1      | Reached XP level 2. HP: 8/15 MP: 2/8
   490 | D:1      | Learned a level 2 spell: Poisonous Vapours
  1335 | D:1      | Reached XP level 3. HP: 19/19 MP: 2/10
  1610 | D:1      | Reached skill level 1 in Evocations
  1799 | D:1      | Frozen to death by an endoplasm

Illustrated notes

Levels and vault maps discovered:
D:1:      heliophobic_arrival_enchanted_forest, layout_basic,
          shapermc_ecumenical_altar_mp_urbaneastern, minmay_vboxes
D:2:      layout_rooms, basic_altar, serial_bayou_pond_d
D:3:      layout_basic, bloody_trog, kennysheep_okawaru_gauntlet

Skill      XL: |  1  2  3 |
---------------+----------+-----
Evocations     | 1 |  1.2
Dodging        | |  2.6
Stealth        | |  2.6
Spellcasting   | |  3.8
Necromancy     | |  0.6
Transmutations | |  1.3
Poison Magic   | |  3.7

Action                   || total
-------------------------++-------
Melee: Unarmed           ||     7
       Staff             ||    11
       Quarterstaff      ||     3
 Cast: Sting             ||    36
       Poisonous Vapours ||    29
  Use: Scroll            ||     2
       Potion            ||     1
Armor: Robe              ||     3
Dodge: Dodged            ||    12
